[Event "ICC tourney 1954 (60 10)"]
[Site "Internet Chess Club"]
[Date "2020.08.08"]
[Round "6"]
[White "royayush"]
[Black "ltristam"]
[Result "0-1"]
[ICCResult "White checkmated"]
[WhiteElo "1325"]
[BlackElo "1340"]
[Opening "QGD Slav defense"]
[ECO "D10"]
[NIC "SL.01"]
[Time "18:32:16"]
[TimeControl "3600+10"]

1. d4 d5 2. c4 c6 3. Nc3 Nf6 4. e3 g6 5. cxd5 cxd5 6. Bd3 Bg7 7. Nge2 Nc6 8.
O-O O-O 9. Qc2 Nb4 10. Qd1 Nxd3 11. Qxd3 Bf5 12. Qd1 Re8 13. Bd2 Rc8 14. Rc1
Qb6 15. Na4 Qa6 16. Rxc8 Rxc8 17. a3 Bc2 18. Qc1 Qxa4 19. Nc3 Qb3 20. f3 Bd3
21. Rf2 Nd7 22. Qa1 Nb6 23. h3 e5 24. dxe5 Bxe5 25. Be1 d4 26. f4 Bg7 27.
Qa2 Qxa2 28. Nxa2 dxe3 29. Rf3 Bxb2 30. Rxe3 Bd4 31. Bf2 Bxe3 32. Bxe3 Re8
33. Bf2 Nc4 34. Nb4 Bb1 35. a4 a5 36. Nd5 Rd8 37. Nc3 Bc2 38. Kf1 Nd2+ 39.
Ke2 Ne4 40. Nxe4 Bxe4 41. Bb6 Rd6 42. Bxa5 Ra6 43. Bd2 Rxa4 44. g3 b5 45.
Ke3 Bg2 46. h4 b4 47. Bxb4 Rxb4 48. Kf2 Kg7 49. Kxg2 f6 50. Kf3 h6 51. Kg4
Rb3 52. Kh3 f5 53. Kg2 Kf6 54. Kf2 g5 55. hxg5+ hxg5 56. fxg5+ Kxg5 57. Kg2
Kg4 58. Kh2 Rxg3 59. Kh1 f4 60. Kh2 f3 61. Kh1 Rh3+ 62. Kg1 Kg3 63. Kf1 Rh2
64. Kg1 f2+ 65. Kf1 Rh1+ 66. Ke2 f1=Q+ 67. Ke3 Qe1+ 68. Kd3 Rf1 69. Kd4 Rf4+
70. Kd3 Qa1 71. Ke3 Qa3+ 72. Ke2 Rf2+ 73. Ke1 Qa1# {White checkmated} 0-1

[Event "ICC tourney 1954 (60 10)"]
[Site "Internet Chess Club"]
[Date "2020.08.08"]
[Round "6"]
[White "joshhansen7"]
[Black "Aidenmaps"]
[Result "0-1"]
[ICCResult "White checkmated"]
[WhiteElo "234"]
[BlackElo "929"]
[Opening "Ruy Lopez: classical (Cordel) defense"]
[ECO "C64"]
[NIC "RL.01"]
[Time "18:31:34"]
[TimeControl "3600+10"]

1. e4 e5 2. Nf3 Nc6 3. Bb5 Bc5 4. O-O d6 5. Bxc6+ bxc6 6. d4 exd4 7. Nxd4
Qd7 8. Nc3 Nf6 9. Be3 O-O 10. Nf5 Qe8 11. Bxc5 Bxf5 12. exf5 dxc5 13. Qf3
Rb8 14. b3 Rb4 15. Rae1 Qd7 16. Ne4 Nxe4 17. Rxe4 Qd5 18. Rfe1 h6 19. c4 Qd2
20. h3 Qxa2 21. Re8 Qxb3 22. Qg4 Qxc4 23. R8e4 Qc3 24. R4e3 Qxe1+ 25. Rxe1
Rxg4 26. hxg4 Ra8 27. Rc1 a5 28. Rxc5 a4 29. Rxc6 a3 30. Rc1 a2 31. Ra1 Kf8
32. Kf1 Ke7 33. Ke2 Kd6 34. Kd2 Kc5 35. Kc2 Kd6 36. Kb2 Ke5 37. f3 Kf4 38.
Rxa2 Rxa2+ 39. Kxa2 Kg3 40. Kb3 Kxg2 41. f4 Kf3 42. g5 Kxf4 43. gxh6 gxh6
44. Kc2 h5 45. Kd2 Kf3 46. f6 h4 47. Ke1 c5 48. Kd2 h3 49. Kd3 h2 50. Kc4
h1=Q 51. Kxc5 Qh4 52. Kd6 Qxf6+ 53. Kd5 Qd8+ 54. Ke5 Kg3 55. Kf5 f6 56. Kg6
Qf8 57. Kf5 Kf3 58. Kg6 f5 59. Kg5 Kg3 60. Kg6 Kg4 61. Kh7 f4 62. Kg6 f3 63.
Kh7 f2 64. Kg6 f1=Q 65. Kh7 Qh3+ 66. Kg6 Qhh6# {White checkmated} 0-1

[Event "ICC tourney 1954 (60 10)"]
[Site "Internet Chess Club"]
[Date "2020.08.08"]
[Round "6"]
[White "kkjrme"]
[Black "tenuun"]
[Result "1-0"]
[ICCResult "Black checkmated"]
[WhiteElo "1287"]
[BlackElo "1137"]
[Opening "Queen's pawn, Mason variation"]
[ECO "D00"]
[NIC "QP.08"]
[Time "18:31:59"]
[TimeControl "3600+10"]

1. d4 d5 2. Bf4 e6 3. Nf3 Nf6 4. e3 Nbd7 5. Be2 c6 6. O-O Be7 7. c4 b6 8.
Nc3 O-O 9. a3 Bb7 10. Rc1 Re8 11. h3 Nf8 12. cxd5 exd5 13. Bd3 Bd6 14. Ne5
Ng6 15. Nxg6 fxg6 16. Ne2 Bxf4 17. Nxf4 Ne4 18. Qc2 g5 19. Ne2 h6 20. Nc3
Qe7 21. Nxe4 dxe4 22. Be2 Rac8 23. Rfd1 c5 24. dxc5 Rxc5 25. Qb3+ Kh8 26.
Rxc5 Qxc5 27. Rd7 Re7 28. Rd8+ Kh7 29. g3 Qc1+ 30. Kg2 Qe1 31. Bh5 g6 32.
Qg8# {Black checkmated} 1-0

[Event "ICC tourney 1954 (60 10)"]
[Site "Internet Chess Club"]
[Date "2020.08.08"]
[Round "6"]
[White "sstao17"]
[Black "jhong3"]
[Result "1-0"]
[ICCResult "Black checkmated"]
[WhiteElo "631"]
[BlackElo "962"]
[Opening "King's pawn opening"]
[ECO "B07"]
[NIC "VO.17"]
[Time "18:32:10"]
[TimeControl "3600+10"]

1. e4 d6 2. Nf3 Nf6 3. Nc3 g6 4. d3 Bg7 5. Be2 O-O 6. O-O Nc6 7. a3 e5 8.
Rb1 a6 9. d4 exd4 10. Nxd4 Nxd4 11. Qxd4 b5 12. Bf3 Bb7 13. Qe3 Re8 14. Qd3
c5 15. Nd5 Nxd5 16. exd5 Be5 17. b3 Qh4 18. g3 Qd8 19. Bb2 Qa5 20. Bxe5 Rxe5
21. Ra1 Rae8 22. c4 bxc4 23. bxc4 Re1 24. Rfxe1 Rxe1+ 25. Rxe1 Qxe1+ 26. Kg2
Qc1 27. Qb3 a5 28. Qxb7 Qxa3 29. Qc6 Qb4 30. Qxd6 Qxc4 31. Qb6 a4 32. d6 Qd4
33. Qc7 a3 34. d7 a2 35. d8=Q+ Qxd8 36. Qxd8+ Kg7 37. Qd1 c4 38. Qa1+ f6 39.
Qxa2 c3 40. Qc2 h5 41. Qxc3 Kh6 42. Qxf6 Kh7 43. Qa6 Kh6 44. Be4 Kh7 45.
Bxg6+ Kg7 46. Bxh5 Kh7 47. Bf7 Kh8 48. Bg8 Kxg8 49. Qb7 Kh8 50. Qe7 Kg8 51.
h4 Kh8 52. f4 Kg8 53. g4 Kh8 54. f5 Kg8 55. g5 Kh8 56. h5 Kg8 57. g6 Kh8 58.
h6 Kg8 59. f6 Kh8 60. Kf3 Kg8 61. Kf4 Kh8 62. Kf5 Kg8 63. Ke6 Kh8 64. Qg7#
{Black checkmated}
1-0

[Event "ICC tourney 1954 (60 10)"]
[Site "Internet Chess Club"]
[Date "2020.08.08"]
[Round "6"]
[White "Twinkletoesss"]
[Black "EW2006"]
[Result "1-0"]
[ICCResult "Black resigns"]
[WhiteElo "159"]
[BlackElo "1048"]
[Opening "Philidor's defense"]
[ECO "C41"]
[NIC "KP.10"]
[Time "18:32:26"]
[TimeControl "3600+10"]

1. e4 e5 2. Nf3 d6 3. Bc4 Bg4 4. Nc3 Nf6 5. d3 Nc6 6. h3 Bxf3 7. Qxf3 Nd4 8.
Qd1 c6 9. Bg5 Be7 10. O-O O-O 11. Ne2 a5 12. Nxd4 exd4 13. a4 Nd7 14. Bf4
Ne5 15. Bxe5 dxe5 16. f4 Bd6 17. f5 Qf6 18. Qf3 Kh8 19. Kh1 Be7 20. g4 Qh4
21. Rg1 Bg5 22. Rg2 f6 23. Rd1 Be3 24. Re2 Rab8 25. c3 b5 26. axb5 cxb5 27.
Bd5 Qg5 28. Kg2 Rfc8 29. c4 bxc4 30. Bxc4 Rc7 31. b3 Ra7 32. Rh1 Qf4 33. h4
Qxf3+ 34. Kxf3 h6 35. Rg2 a4 36. bxa4 Rxa4 37. g5 fxg5 38. hxg5 Rab4 39. f6
R4b7 40. fxg7+ Rxg7 41. Rxh6+ Rh7 42. Rgh2 Rb7 43. Kg4 Bf4 44. R2h3 Rxh6 45.
Rxh6+ Rh7 46. Re6 Rh1 47. Kf5 Rh2 48. Kg6 {Black resigns} 1-0

[Event "ICC tourney 1954 (60 10)"]
[Site "Internet Chess Club"]
[Date "2020.08.08"]
[Round "6"]
[White "LittlePawn135"]
[Black "SreeVSundaram"]
[Result "1-0"]
[ICCResult "Black resigns"]
[WhiteElo "469"]
[BlackElo "608"]
[Opening "Sicilian defense"]
[ECO "B44"]
[NIC "SI.39"]
[Time "18:32:07"]
[TimeControl "3600+10"]

1. e4 c5 2. Nf3 e6 3. d4 cxd4 4. Nxd4 Nc6 5. Nxc6 bxc6 6. Nc3 Nf6 7. Bg5 Bb4
8. e5 Qa5 9. exf6 Qxg5 10. fxg7 Qxg7 11. Qd2 d5 12. a3 Bc5 13. Na4 Bb6 14.
Nxb6 axb6 15. Qc3 Qxc3+ 16. bxc3 Ra5 17. c4 Rc5 18. cxd5 cxd5 19. Bd3 Rg8
20. O-O h6 21. f4 Bd7 22. Kh1 Ba4 23. Rac1 Rc3 24. f5 Rxa3 25. Ra1 Rxa1 26.
Rxa1 Bc6 27. Bb5 Kd7 28. fxe6+ fxe6 29. Ra7+ Kd6 30. Bxc6 Kxc6 31. Rh7 Rf8
32. h3 Rf6 33. h4 e5 34. g4 e4 35. g5 Re6 36. Rxh6 Kd6 37. Kg2 d4 38. Kf2 b5
39. g6 Ke7 40. g7 {Black resigns} 1-0

[Event "ICC tourney 1954 (60 10)"]
[Site "Internet Chess Club"]
[Date "2020.08.08"]
[Round "6"]
[White "ChemStud24"]
[Black "ProfP"]
[Result "1-0"]
[ICCResult "Black resigns"]
[WhiteElo "1338"]
[BlackElo "595"]
[Opening "French: Winawer, advance variation"]
[ECO "C18"]
[NIC "FR.11"]
[Time "18:32:10"]
[TimeControl "3600+10"]

1. e4 e6 2. d4 d5 3. Nc3 Bb4 4. e5 c5 5. a3 Bxc3+ 6. bxc3 Qb6 7. Qg4 g6 8.
Nf3 Ne7 9. Bd3 Nbc6 10. Qh4 Bd7 11. Qf6 Rg8 12. Ng5 O-O-O 13. Nxf7 Rdf8 14.
Nd6+ Kc7 15. Qh4 cxd4 16. cxd4 Nf5 17. Bxf5 gxf5 18. O-O Qxd4 19. Nb5+
{Black resigns}
1-0

[Event "ICC tourney 1954 (60 10)"]
[Site "Internet Chess Club"]
[Date "2020.08.08"]
[Round "6"]
[White "wulovechess"]
[Black "yimaster"]
[Result "1-0"]
[ICCResult "Black resigns"]
[WhiteElo "1055"]
[BlackElo "1174"]
[Opening "Petrov's defense"]
[ECO "C42"]
[NIC "RG.03"]
[Time "18:32:26"]
[TimeControl "3600+10"]

1. e4 e5 2. Nf3 Nf6 3. Nxe5 Nc6 4. Nxc6 dxc6 5. Nc3 Bc5 6. Bc4 Ng4 7. d4
Bxd4 8. O-O Qh4 9. Bf4 Bxf2+ 10. Kh1 O-O 11. Qd3 Be6 12. Bb3 Rad8 13. Qh3 g5
14. Qxh4 gxh4 15. Bxc7 Rd2 16. Bf4 Rd4 17. h3 Bxb3 18. axb3 f5 19. hxg4 fxg4
20. Rxf2 g3 21. Rf3 Rd7 22. e5 Rdf7 23. Ne2 Rf5 24. e6 Rh5 25. e7 Re8 26.
Re3 Kf7 27. Bd6 Rd5 28. Bb4 c5 29. Rf1+ Kg8 30. c4 Rh5 31. Bd2 Rh6 32. Re5
Rd6 33. Rg5+ Rg6 34. Rxg6+ hxg6 35. Bg5 Kg7 36. Bf6+ Kh6 37. Rd1 g5 38. Rd8
Kg6 39. Rxe8 Kxf6 40. Rb8 Kxe7 41. Rxb7+ Kf6 42. Nxg3 hxg3 43. Rxa7 Ke5 44.
Rg7 Kf4 45. Re7 Kf5 46. b4 cxb4 47. c5 Kf6 48. Re1 {Black resigns} 1-0

[Event "ICC tourney 1954 (60 10)"]
[Site "Internet Chess Club"]
[Date "2020.08.08"]
[Round "6"]
[White "JKnapp"]
[Black "Justinl20202020"]
[Result "1/2-1/2"]
[ICCResult "Game drawn because neither player has mating material"]
[WhiteElo "831"]
[BlackElo "1127"]
[Opening "Queen's pawn: Chigorin variation"]
[ECO "D00"]
[NIC "QP.08"]
[Time "18:32:26"]
[TimeControl "3600+10"]

1. d4 d5 2. Nc3 Nf6 3. Nf3 e6 4. Bg5 Be7 5. e3 O-O 6. Bd3 Nc6 7. O-O Re8 8.
Re1 Bb4 9. a3 Bxc3 10. bxc3 h6 11. Bh4 e5 12. e4 dxe4 13. Bxe4 exd4 14. cxd4
Bg4 15. Qd3 Qd6 16. Bxf6 Qxf6 17. Re3 Rad8 18. Rae1 Rf8 19. h3 Bxf3 20. Rxf3
Qxd4 21. Qxd4 Nxd4 22. Rg3 Rfe8 23. f3 Nxc2 24. Re2 Nxa3 25. Ra2 Nb5 26. Rb2
Nd4 27. Rg4 Ne6 28. Rxb7 Nc5 29. Rxc7 Nxe4 30. fxe4 Ra8 31. Rf4 Rf8 32. Rf5
a5 33. Rc2 a4 34. Ra2 Rfb8 35. Rf3 Rb7 36. Rfa3 Rba7 37. Kf2 Kf8 38. Ke3 Ke7
39. Kd4 Kd6 40. Kc4 Kc6 41. Kb4 Rb8+ 42. Kc4 Rba8 43. Kb4 Rb7+ 44. Kc4 Kd6
45. Rxa4 Rxa4+ 46. Rxa4 Re7 47. Kd3 g5 48. g4 Ke5 49. Ke3 Kf6 50. Ra6+ Kg7
51. Kd4 f6 52. Ra5 Kg6 53. Rf5 Re6 54. e5 fxe5+ 55. Rxe5 Rxe5 56. Kxe5 h5
57. gxh5+ Kxh5 58. Kf5 Kh4 59. Kg6 g4 60. hxg4 Kxg4
{Game drawn because neither player has mating material}
1/2-1/2

[Event "ICC tourney 1954 (60 10)"]
[Site "Internet Chess Club"]
[Date "2020.08.08"]
[Round "6"]
[White "JCJ2018"]
[Black "pvegesana"]
[Result "1-0"]
[ICCResult "Black checkmated"]
[WhiteElo "1012"]
[BlackElo "1320"]
[Opening "Sicilian defense"]
[ECO "B30"]
[NIC "SI.31"]
[Time "18:32:26"]
[TimeControl "3600+10"]

1. e4 c5 2. Nf3 Nc6 3. Nc3 e6 4. d3 d5 5. exd5 exd5 6. Qe2+ Be6 7. Ng5 Qd7
8. Nxe6 Qxe6 9. Qxe6+ fxe6 10. g3 Bd6 11. Bg2 Nf6 12. O-O O-O 13. Re1 Rae8
14. Nb5 Bb8 15. Be3 a6 16. Na3 Bd6 17. c4 d4 18. Bd2 Rf7 19. Bh3 Rfe7 20.
Re2 h6 21. Rae1 e5 22. f4 e4 23. dxe4 d3 24. Re3 Nxe4 25. Rxd3 Nxd2 26. Rxe7
Nf3+ 27. Rxf3 Bxe7 28. Re3 Rd8 29. Be6+ Kh7 30. Bd5 Bf6 31. Bxc6 bxc6 32.
Re6 Bxb2 33. Nc2 Rd2 34. Ne1 Bd4+ 35. Kh1 Rf2 36. h4 Rxa2 37. Rxc6 Bf2 38.
Nd3 Bxg3 39. h5 a5 40. Kg1 a4 41. Rxc5 a3 42. Ra5 Rd2 43. Rxa3 Bh4 44. Rc3
Be7 45. c5 Bf6 46. Ne5 Rd4 47. c6 Rxf4 48. c7 Bxe5 49. c8=Q Bxc3 50. Qxc3
Rg4+ 51. Kf2 Rg5 52. Qd3+ g6 53. hxg6+ Rxg6 54. Qd7+ Rg7 55. Qf5+ Rg6 56.
Kf3 Kg7 57. Qd7+ Kh8 58. Qe8+ Rg8 59. Qe5+ Kh7 60. Kf4 Rg7 61. Qf5+ Rg6 62.
Ke5 Kg7 63. Qd7+ Kh8 64. Kf5 Rg7 65. Qd4 Kg8 66. Kf6 Rf7+ 67. Ke6 Rg7 68.
Qd8+ Kh7 69. Qd3+ Rg6+ 70. Kf7 h5 71. Qxg6+ Kh8 72. Qg7# {Black checkmated}
1-0

[Event "ICC tourney 1954 (60 10)"]
[Site "Internet Chess Club"]
[Date "2020.08.08"]
[Round "6"]
[White "srikardesu"]
[Black "edikiscool"]
[Result "0-1"]
[ICCResult "White checkmated"]
[WhiteElo "196"]
[BlackElo "870"]
[Opening "Two knights defense"]
[ECO "C57"]
[NIC "KP.01"]
[Time "18:32:20"]
[TimeControl "3600+10"]

1. e4 e5 2. Nf3 Nf6 3. Bc4 Nc6 4. Ng5 d5 5. exd5 Nxd5 6. Qf3 Qxg5 7. Bxd5
Qf6 8. Qd3 Bc5 9. O-O O-O 10. Bxc6 Qxc6 11. Nc3 b6 12. Qe2 Bb7 13. Qg4 f5
14. Qg3 f4 15. Qg4 Rf6 16. d3 Rg6 17. Qh3 Rxg2+ 18. Kh1 Rg3+ 19. f3 Rxh3 20.
Ne4 Qh6 21. Nxc5 Rxh2+ 22. Kg1 Qh4 23. Rf2 Qxf2# {White checkmated} 0-1

[Event "ICC tourney 1954 (60 10)"]
[Site "Internet Chess Club"]
[Date "2020.08.08"]
[Round "6"]
[White "bryantan2010"]
[Black "aslan777"]
[Result "0-1"]
[ICCResult "White resigns"]
[WhiteElo "1082"]
[BlackElo "499"]
[Opening "Scandinavian (center counter) defense"]
[ECO "B01"]
[NIC "SD.01"]
[Time "18:32:26"]
[TimeControl "3600+10"]

1. e4 d5 2. exd5 Qxd5 3. Nc3 Qa5 4. Nf3 Nf6 5. Bc4 c6 6. d3 Bg4 7. O-O e6 8.
a3 Bd6 9. h3 Bh5 10. Re1 O-O 11. Bg5 Bxf3 12. Qxf3 Qxg5 13. b4 Qf4 14. Qxf4
Bxf4 15. b5 Bd2 16. bxc6 Nxc6 17. Red1 Bxc3 18. Rab1 b6 19. Bb5 Nd4 20. Bc4
Rab8 21. a4 Nc6 22. Ba2 Ba5 {White resigns} 0-1

[Event "ICC tourney 1954 (60 10)"]
[Site "Internet Chess Club"]
[Date "2020.08.08"]
[Round "6"]
[White "DiamondUnicorn"]
[Black "weheinrich"]
[Result "0-1"]
[ICCResult "White resigns"]
[WhiteElo "501"]
[BlackElo "999"]
[Opening "Giuoco Piano"]
[ECO "C50"]
[NIC "IG.02"]
[Time "18:32:26"]
[TimeControl "3600+10"]

1. e4 e5 2. Nf3 Nc6 3. Bc4 Bc5 4. O-O Nf6 5. d3 d6 6. h3 O-O 7. Nc3 Be6 8.
Bb3 Ne7 9. Bg5 Ng6 10. Be3 Bb6 11. Ne2 h6 12. Ng3 c6 13. c3 d5 14. exd5 cxd5
15. d4 e4 16. Nh2 Nd7 17. Qd2 Bc7 18. Ne2 Qb8 19. g3 Bxh3 20. Rfe1 Nf6 21.
Bf4 Nxf4 22. Nxf4 Bxf4 23. Qxf4 Qxf4 24. gxf4 Rad8 25. Re3 Be6 26. Rg3 Nh5
27. Re3 Nxf4 28. Kh1 Nd3 29. Re2 Kh7 30. Rd2 f5 31. Rb1 f4 32. Bc2 Bf5 33.
Bxd3 exd3 34. Rg1 Be4+ 35. f3 Bf5 36. Rdg2 g6 37. Rd2 Rde8 38. Rgd1 Re7 39.
Ng4 h5 40. Ne5 Rf6 41. Nxd3 Bxd3 42. Rxd3 Re3 43. Rxe3 fxe3 44. Kg2 Kh6 45.
Kg3 Kg5 46. Re1 h4+ 47. Kg2 Kf4 48. Kh3 g5 49. Kg2 Rb6 50. b4 Ra6 51. Re2
Ra3 52. Rc2 b5 53. Kf1 Kxf3 54. Ke1 g4 55. Kf1 g3 56. Re2 Rxc3 57. Re1 e2+
58. Rxe2 Rc1+ 59. Re1 Rxe1+ 60. Kxe1 Kg2 61. Ke2 h3 62. Ke1 h2 63. Ke2 h1=Q
{White resigns}
0-1

[Event "ICC tourney 1954 (60 10)"]
[Site "Internet Chess Club"]
[Date "2020.08.08"]
[Round "6"]
[White "janeff1110"]
[Black "azhang123"]
[Result "0-1"]
[ICCResult "White checkmated"]
[WhiteElo "962"]
[BlackElo "1315"]
[Opening "French: advance, Wade variation"]
[ECO "C02"]
[NIC "FR.03"]
[Time "18:31:53"]
[TimeControl "3600+10"]

1. e4 e6 2. d4 d5 3. e5 c5 4. c3 Qb6 5. Nf3 Bd7 6. Nbd2 Bb5 7. Bxb5+ Qxb5 8.
Qb3 Qb6 9. Qxb6 axb6 10. O-O Nc6 11. Nb3 c4 12. Nbd2 f6 13. Re1 Be7 14. a3
Kd7 15. b3 b5 16. Bb2 Na5 17. b4 Nc6 18. Ra2 Nh6 19. Re2 Nf7 20. Ra1 fxe5
21. dxe5 Ng5 22. Nxg5 Bxg5 23. Nf3 Be7 24. Rd2 Rhf8 25. Nd4 Nxd4 26. Rxd4
Rf5 27. Rg4 g6 28. f4 Raf8 29. g3 Rg8 30. h4 h5 31. Rg5 Bxg5 32. hxg5 Rh8
33. Kf2 h4 34. Kg2 Rff8 35. Kh3 hxg3+ 36. Kxg3 Rh5 37. a4 Ra8 38. a5 Rah8
39. a6 Rh3+ 40. Kf2 Rh2+ 41. Ke1 Rh1+ 42. Ke2 Rxa1 43. Bxa1 bxa6 44. Ke3 Kc6
45. Kd4 Rh4 46. Ke3 Kb6 47. Bb2 a5 48. bxa5+ Kxa5 49. Bc1 Ka4 50. Bd2 Kb3
51. Be1 Rg4 52. Bf2 Kxc3 53. Kf3 Rxf4+ 54. Kxf4 b4 55. Be1+ Kb3 56. Ke3 c3
57. Kd3 Kb2 58. Kd4 c2 59. Bd2 c1=Q 60. Bxc1+ Kxc1 61. Kc5 b3 62. Kd6 b2 63.
Kxe6 b1=Q 64. Kxd5 Qf5 65. Kd6 Qxg5 66. e6 Qf6 67. Kd7 g5 68. e7 Qxe7+ 69.
Kxe7 g4 70. Ke6 g3 71. Kf5 g2 72. Kf4 g1=Q 73. Kf3 Qd4 74. Ke2 Kc2 75. Kf3
Qe5 76. Kg4 Qf6 77. Kg3 Qf5 78. Kg2 Qf4 79. Kg1 Qd2 80. Kh1 Kd3 81. Kg1 Ke3
82. Kh1 Kf3 83. Kg1 Qg2# {White checkmated} 0-1

[Event "ICC tourney 1954 (60 10)"]
[Site "Internet Chess Club"]
[Date "2020.08.08"]
[Round "6"]
[White "SonicTrist"]
[Black "Rhinoguy"]
[Result "1/2-1/2"]
[ICCResult "Game drawn by mutual agreement"]
[WhiteElo "1351"]
[BlackElo "1180"]
[Opening "Giuoco Pianissimo"]
[ECO "C55"]
[NIC "IG.01"]
[Time "18:32:26"]
[TimeControl "3600+10"]

1. e4 e5 2. Nf3 Nc6 3. Bc4 Nf6 4. d3 Bc5 5. c3 d6 6. Bg5 Be6 7. Bxe6 fxe6 8.
a4 d5 9. Bxf6 Qxf6 10. exd5 exd5 11. O-O O-O-O 12. b4 Bd6 13. a5 Rhe8 14. b5
Nb8 15. b6 cxb6 16. axb6 a6 17. c4 dxc4 18. Qc2 Nd7 19. Qxc4+ Kb8 20. Nc3
Nxb6 21. Qb3 Bc7 22. Ne4 Qe7 23. Rfb1 Qd7 24. Nc5 Qc6 25. Na4 Rd6 26. Nxb6
Qxb6 27. Qf7 Qc6 28. Rxa6 Qxa6 29. Qxe8+ Rd8 30. Qf7 Qxd3 31. Rf1 e4 32. Ng5
Qd6 33. g3 Rf8 34. Qxg7 Bb6 35. Nxe4 Qb4 36. Qe5+ Bc7 37. Qc5 Qxc5 38. Nxc5
Ka7 39. Rb1 Rb8 40. Ra1+ Ba5 41. Rxa5+ Kb6 42. Nd7+ Kxa5 43. Nxb8 b5 44.
Nc6+ Kb6 45. Nd4 b4 46. Kf1 Kc5 47. Nb3+ Kc4 48. Na5+ Kb5 49. Nb3 Kc4 50.
Na5+ Kb5 51. Ke1 Kxa5 52. Kd1 Kb5 53. Kc2 Kc4 54. g4 Kd4 55. f4 h6 56. f5
Ke5 57. h3 h5 58. Kb3 Kf6 59. Kxb4 Kg5 60. h4+ Kf6 61. gxh5 Kxf5 62. Kc4 Kf6
63. Kd4 Kg7 64. Ke4 Kh6 65. Kf4 Kxh5 66. Kg3 Kg6 67. Kg4 Kh6 68. h5 Kh7 69.
Kg5 Kg7 70. h6+ Kh7 71. Kh5 Kg8 72. Kg6 Kh8 {Game drawn by mutual agreement}
1/2-1/2

[Event "ICC tourney 1954 (60 10)"]
[Site "Internet Chess Club"]
[Date "2020.08.08"]
[Round "6"]
[White "Locolobomofo"]
[Black "oxdidi"]
[Result "0-1"]
[ICCResult "White checkmated"]
[WhiteElo "130"]
[BlackElo "1329"]
[Opening "Vienna: Falkbeer variation"]
[ECO "C26"]
[NIC "VG.04"]
[Time "18:31:50"]
[TimeControl "3600+10"]

1. e4 e5 2. Nc3 Nf6 3. d3 Nc6 4. g3 d6 5. Bg2 Be7 6. Bd2 Be6 7. Nf3 Qd7 8.
Qc1 O-O-O 9. O-O Bh3 10. Ng5 Bxg2 11. Kxg2 Rdf8 12. Nb5 Kb8 13. Be3 a6 14.
Na3 h6 15. Nf3 g5 16. c4 g4 17. Nd2 h5 18. Rb1 h4 19. b4 hxg3 20. fxg3 Rh3
21. b5 Rfh8 22. Bg1 Nd4 23. bxa6 b6 24. Nb3 Ne2 25. Qd2 Nxg1 26. Rxg1 Rxh2+
27. Kf1 Rxd2 28. Nxd2 Rh2 29. Nb3 Nh5 30. Na5 f5 31. Rg2 Rh1+ 32. Rg1 Rxg1+
33. Kxg1 Nxg3 34. Nb5 c6 35. Nb7 cxb5 36. Rxb5 Ka7 37. Na5 Kxa6 38. Nb3 fxe4
39. dxe4 Nxe4 40. a4 Qf5 41. a5 Qf2+ 42. Kh1 Ng3# {White checkmated} 0-1

[Event "ICC tourney 1954 (60 10)"]
[Site "Internet Chess Club"]
[Date "2020.08.08"]
[Round "6"]
[White "OwenT"]
[Black "tarunrswami"]
[Result "1-0"]
[ICCResult "Black checkmated"]
[WhiteElo "1260"]
[BlackElo "819"]
[Opening "Giuoco Piano"]
[ECO "C50"]
[NIC "IG.02"]
[Time "18:32:10"]
[TimeControl "3600+10"]

1. e4 e5 2. Nf3 Nc6 3. Bc4 Bc5 4. O-O Nf6 5. d3 h6 6. Nc3 d6 7. h3 O-O 8.
Be3 Bb6 9. Re1 Be6 10. Bb3 Nd4 11. Bxe6 fxe6 12. Na4 Nxf3+ 13. Qxf3 Nd7 14.
Qe2 Ba5 15. Bd2 Bxd2 16. Qxd2 Qf6 17. Nc3 Nb6 18. Rf1 d5 19. Rae1 d4 20. Nb5
c6 21. Na3 Rf7 22. b3 Raf8 23. Nb1 Qg6 24. Kh2 Nd7 25. c3 dxc3 26. Nxc3 Nf6
27. Ne2 Nh5 28. f3 Nf4 29. Nxf4 exf4 30. Qa5 Qg3+ 31. Kh1 a6 32. Qe5 Rf6 33.
Qd4 Rg6 34. Qb2 Rd8 35. Rd1 Rd4 36. Rd2 c5 37. a3 b6 38. b4 Rd6 39. bxc5
bxc5 40. Qb8+ Kh7 41. Qxd6 e5 42. Qxc5 Qg5 43. d4 Re6 44. d5 Re8 45. d6 Rd8
46. d7 Qf6 47. Qd6 Qf7 48. Rfd1 a5 49. Qc7 Qf8 50. Qxa5 Qe7 51. Qc7 h5 52.
Rc2 g6 53. Qd6 Qf7 54. Rc8 Rxc8 55. dxc8=Q Kh6 56. Qcf8+ Qxf8 57. Qxf8+ Kg5
58. Rd6 Kh4 59. Qf6+ Kg3 60. Qxg6+ Kf2 61. Qxh5 Kg3 62. Qxe5 Kh4 63. Rh6+
Kg3 64. Qa1 Kf2 65. a4 Ke3 66. a5 Kf2 67. a6 Kg3 68. Qe1# {Black checkmated}
1-0

[Event "ICC tourney 1954 (60 10)"]
[Site "Internet Chess Club"]
[Date "2020.08.08"]
[Round "6"]
[White "tasawyer81"]
[Black "seaglass-chess"]
[Result "0-1"]
[ICCResult "White resigns"]
[WhiteElo "939"]
[BlackElo "1357"]
[Opening "QGD Slav: 3.Nf3"]
[ECO "D11"]
[NIC "SL.01"]
[Time "18:32:22"]
[TimeControl "3600+10"]

1. d4 d5 2. c4 c6 3. Nf3 e6 4. Nc3 Bb4 5. Qc2 dxc4 6. e4 b5 7. Be3 Bb7 8.
Be2 a5 9. Rd1 Nf6 10. O-O O-O 11. a3 Be7 12. h3 Nbd7 13. e5 Nd5 14. h4 Rc8
15. Ng5 g6 16. Nf3 Re8 17. Bg5 Qb6 18. Qe4 Bxa3 19. Nxd5 cxd5 20. Qg4 Be7
21. Bxe7 Rxe7 22. h5 Kg7 23. hxg6 hxg6 24. Qg5 Ree8 25. Nh4 Qd8 26. Qg4 Rh8
27. Nf3 b4 28. Qf4 Rh5 29. Nh2 Rf5 30. Qg3 c3 31. bxc3 Rxc3 32. Qg4 Rg5 33.
Qh4 Rxg2+ 34. Kxg2 Qxh4 {White resigns} 0-1

[Event "ICC tourney 1954 (60 10)"]
[Site "Internet Chess Club"]
[Date "2020.08.08"]
[Round "6"]
[White "Justin2009"]
[Black "Jaguarking"]
[Result "0-1"]
[ICCResult "White resigns"]
[WhiteElo "1218"]
[BlackElo "1190"]
[Opening "Giuoco Piano"]
[ECO "C50"]
[NIC "IG.02"]
[Time "18:32:10"]
[TimeControl "3600+10"]

1. e4 e5 2. Nf3 Nc6 3. Bc4 Bc5 4. d4 exd4 5. c3 Qe7 6. cxd4 Qxe4+ 7. Be3
Bb4+ 8. Nc3 d5 9. Bb5 Bd7 10. a3 Bxc3+ 11. bxc3 Nf6 12. O-O O-O 13. Bd3 Qe7
14. Bg5 h6 15. Re1 Qd6 16. Bh4 Rfe8 17. Bg3 Qf8 18. Bxc7 Ne4 19. Bxe4 dxe4
20. Ne5 Nxe5 21. Bxe5 Bc6 22. d5 Rad8 23. Bg3 Rxd5 24. Qc2 Ra5 25. Re3 Rxa3
26. Rxa3 Qxa3 27. Qe2 Rd8 28. Be5 Qc1+ 29. Qe1 Rd1 30. Kf1 Rxe1+ 31. Rxe1
Bb5+ {White resigns} 0-1

[Event "ICC tourney 1954 (60 10)"]
[Site "Internet Chess Club"]
[Date "2020.08.08"]
[Round "6"]
[White "kd9junior"]
[Black "FishBoy"]
[Result "1-0"]
[ICCResult "Black checkmated"]
[WhiteElo "1292"]
[BlackElo "1104"]
[Opening "Queen's gambit declined"]
[ECO "D30"]
[NIC "QP.08"]
[Time "18:32:26"]
[TimeControl "3600+10"]

1. d4 d5 2. c4 e6 3. Nf3 Nf6 4. g3 c5 5. Bg2 Nc6 6. O-O cxd4 7. Nxd4 Bc5 8.
Nb3 Bb6 9. Nc3 O-O 10. cxd5 exd5 11. Nxd5 Be6 12. Nxb6 Qxd1 13. Rxd1 axb6
14. Be3 Bc4 15. Bxb6 Bxe2 16. Rd2 Bc4 17. Nc5 Rfc8 18. Nxb7 Rab8 19. Bxc6
Rxc6 20. Rd8+ Rxd8 21. Bxd8 Rc8 22. Bxf6 gxf6 23. Nd6 Rc6 24. Nxc4 Rxc4 25.
b3 Rc8 26. Kg2 Kf8 27. Re1 Rc2 28. Ra1 Rb2 29. h4 Ke7 30. Kf3 Ke6 31. Ke3
Ke5 32. f4+ Kf5 33. Kd3 Kg4 34. Kc3 Re2 35. a4 Kxg3 36. a5 Kxf4 37. a6 Re8
38. a7 Ra8 39. b4 Ke5 40. b5 Kd6 41. Kb4 f5 42. b6 Kc6 43. Ka5 f4 44. Ka6
Rd8 45. b7 Rd6 46. b8=Q Kd5+ 47. Qb6 f3 48. Qxd6+ Kxd6 49. a8=Q f2 50. Qe4
f6 51. Rd1+ Kc5 52. Qc2+ Kb4 53. Rb1+ Ka3 54. Qb3# {Black checkmated} 1-0

[Event "ICC tourney 1954 (60 10)"]
[Site "Internet Chess Club"]
[Date "2020.08.08"]
[Round "6"]
[White "Electryon"]
[Black "PranitP2011"]
[Result "1-0"]
[ICCResult "Black checkmated"]
[WhiteElo "1378"]
[BlackElo "1020"]
[Opening "English opening: Agincourt variation"]
[ECO "A13"]
[NIC "QP.09"]
[Time "18:32:14"]
[TimeControl "3600+10"]

1. Nf3 d5 2. c4 e6 3. b3 Nf6 4. g3 c6 5. Bg2 Bd6 6. O-O O-O 7. d4 dxc4 8.
bxc4 c5 9. d5 exd5 10. cxd5 Bg4 11. Bb2 Qb6 12. Qb3 Qxb3 13. axb3 Nxd5 14.
Rd1 Be6 15. e4 Nb4 16. Rxd6 Nc2 17. Ra5 Nc6 18. Rxc5 N2b4 19. Rc3 Rfd8 20.
e5 Bg4 21. Nbd2 Nxe5 22. Rxd8+ Rxd8 23. Nxe5 Rxd2 24. Nxg4 h5 25. Rc8+ Kh7
26. Bc3 Rd1+ 27. Bf1 Na2 28. Ne3 Rc1 29. Nd5 b5 30. b4 Nxb4 31. Nxb4 a5 32.
Nd3 Rc2 33. Rc5 b4 34. Rxh5+ Kg6 35. Nf4# {Black checkmated} 1-0